 Dungeon Crawl Stone Soup version 0.31-a0-879-g1609e0ac53 (webtiles) character file.

Game seed: 16114444653249883739

3 Kurtz the Sneak (level 1, -1/21 HPs)
             Began as a Naga Delver on Oct 14, 2023.
             Slain by a water moccasin (9 damage)
             ... on level 5 of the Dungeon.
             The game lasted 00:00:13 (147 turns).

Kurtz the Sneak (Naga Delver)                        Turns: 147, Time: 00:00:14

Health: -1/21      AC:  1    Str: 14    XL:     1   Next: 50%
Magic:  1/1        EV:  9    Int: 10    God:
Gold:   0          SH:  0    Dex: 12    Spells: 0/0 levels left

rFire   . . .        a - +0 hand axe
rCold   . . .        (no shield)
rNeg    . . .        b - +0 leather armour
rPois   +            (no helmet)
rElec   .            (no cloak)
rCorr   .            (no gloves)
SInv    +            (no barding)
Will    .....        (no amulet)
Stlth   +++          (no ring)
HPRegen 0.23/turn    (no ring)
MPRegen 0.07/turn

%: no passive effects
@: very slow
A: AC +0, large, see invisible, deformed body, poison resistance, slowness 2,
spit poison 1, naga tail 1
a: Spit Poison


You were on level 5 of the Dungeon.
You visited 1 branch of the dungeon, and saw 1 of its levels.

Inventory:

Hand Weapons
 a - a +0 hand axe (weapon)
Armour
 b - a +0 leather armour (worn)
 h - a +0 chain mail
Wands
 g - a wand of digging (3)
Scrolls
 c - a scroll of fog
 d - a scroll of revelation
 e - a scroll of fear
Potions
 f - a potion of haste


   Skills:
 - Level 3.0 Fighting
 * Level 2.3 Axes
 - Level 1.5 Dodging
 - Level 7.2 Stealth


You couldn't memorise any spells.
You didn't know any spells.
Your spell library was empty.

Dungeon Overview and Level Annotations

Branches:
Dungeon (5/15)
 Temple: D:4-7

Altars:

Annotations:
D:5 1 runed translucent door, exclusion: hound, Arex's ghost, amateur DsFi


Innate Abilities, Weirdness & Mutations

Your serpentine skin is tough. (AC +0)
You have supernaturally acute eyesight. (SInv)
Armour fits poorly on your strangely shaped body.
Your system is resistant to poisons. (rPois)
You cover ground very slowly.
You can spit poison.
You have a snake-like lower body.


Message History

The worm bites you.
You hit the worm.
The worm is almost dead.
You hit the worm.
The worm is almost dead.
The worm completely misses you.
You hit the worm.
You kill the worm!
No target in view!
You start resting.
HP restored.
Found a chain mail.
A water moccasin comes into view.
You see here a +0 chain mail.
h - a +0 chain mail The water moccasin hisses angrily.
Aiming: Spit Poison (3% risk of failure)
Press: ? - help, Shift-Dir - straight line, f - water moccasin
Aim: a water moccasin (31% to hit)
The splash of poison hits the water moccasin.
The water moccasin completely resists.
Unknown command.
You hit the water moccasin.
The water moccasin is lightly wounded.
The water moccasin barely misses you. The water moccasin bites you.
You barely miss the water moccasin.
The water moccasin is lightly wounded.
You have got your breath back.
The water moccasin closely misses you.
You hit the water moccasin but do no damage.
The water moccasin is lightly wounded.
The water moccasin bites you. The water moccasin bites you!
You hit the water moccasin.
The water moccasin is moderately wounded.
The water moccasin bites you but does no damage.
You are too injured to fight recklessly!
You hit the water moccasin but do no damage.
The water moccasin is moderately wounded.
The water moccasin misses you. The water moccasin bites you!
You die...

#.. . #.# # #.# # . #.# #
.. #.# # ...###### #.# #
........# ##.## ##
........####### ##.#.###.
........S@....####.###...#
...............>###.#.###.
........#####....###.#####
.....#### #.............
#...# ##...######### ####
##.########## #.#........#
#########.#.######..
#...........# #.#


You could see a water moccasin.

Vanquished Creatures
  A worm (D:5)
1 creature vanquished.

Notes
Turn   | Place    | Note
-------+----------+-------------------------------------------
     0 | D:5      | Kurtz the Naga Delver began the quest for the Orb.
     0 | D:5      | Reached XP level 1. HP: 21/21 MP: 1/1
    39 | D:5      | Found a runed translucent door.
    43 | D:5      | Noticed a bullfrog
    61 | D:5      | Noticed Arex's ghost (amateur DsFi)
    90 | D:5      | Noticed a hound
   137 | D:5      | Noticed a water moccasin
   147 | D:5      | Slain by a water moccasin

Illustrated notes

Levels and vault maps discovered:
D:5:      layout_loops_ring, makhleb_grotto_becter, ebering_ghost_sewer_d

Action                     || total
---------------------------++-------
  Melee: Hand axe          ||    12
         Punch             ||     1
Ability: Spit Poison       ||     1
 Armour: Leather armour    ||     7
  Dodge: Dodged            ||     6

Table legend: (Time is in decaauts)
 A = Elapsed time spent in this place.
 B = Non-inter-level travel time spent in this place.
 C = Inter-level travel time spent in this place.
 D = Time resting spent in this place.
 E = Time spent auto-exploring this place.
 F = Levels seen in this place.
 G = Mean time per level.
                   A        B        C        D        E       F      G
               +--------+--------+--------+--------+--------+-----+--------+
         Total |    193 |    193 |      0 |     23 |    130 |   1 |  193.0 |
       Dungeon |    193 |    193 |      0 |     23 |    130 |   1 |  193.0 |
               +--------+--------+--------+--------+--------+-----+--------+

Top non-repeatable levels by time:
     D:5: 193 daAuts
